 Dungeon Crawl Stone Soup version 0.17.1-3-g152610e (webtiles) character file.

845 juanjsm the Magician (level 7, -1/33 HPs)
             Began as a Spriggan Venom Mage on Apr 8, 2016.
             Was a Priest of Vehumet.
             Killed from afar by juanjsm's ghost (18 damage)
             ... with a spray of energy
             ... on level 5 of the Dungeon.
             The game lasted 00:46:10 (5374 turns).

juanjsm the Magician (Spriggan Venom Mage)          Turns: 5374, Time: 00:46:10

Health: -1/33      AC:  2    Str:  4    XL:     7   Next: 68%
Magic:  16/16      EV: 20    Int: 19    God:    Vehumet [***...]
Gold:   196        SH:  0    Dex: 16    Spells: 6 memorised, 1 level left

rFire  . . .     SeeInvis +     C - +0 dagger (elec)
rCold  . . .     Clarity  .     a - +0 robe
rNeg   . . .     SustAt   .     (shield restricted)
rPois  .         Gourm    .     (helmet restricted)
rElec  .         Spirit   .     (no cloak)
rCorr  .         Warding  .     (gloves unavailable)
rMut   .         Stasis   .     (boots unavailable)
MR     +....                    (no amulet)
Stlth  ++++......               t - ring of flight
                                j - ring of invisibility

@: very quick, somewhat resistant to hostile enchantments, stealthy
A: unfitting armour, see invisible, herbivore 3, speed 3, slow metabolism 2
a: Renounce Religion, Evoke Invisibility, Evoke Flight


You were on level 5 of the Dungeon.
You worshipped Vehumet.
Vehumet was most pleased with you.
You were not hungry.

You visited 2 branches of the dungeon, and saw 6 of its levels.

You collected 196 gold pieces.

Inventory:

Hand Weapons
 e - a +0 dagger
 p - a +1 whip of venom
 C - a +0 dagger of electrocution (weapon)
Armour
 a - a +0 robe (worn)
Jewellery
 j - a ring of invisibility (left hand)
 t - a ring of flight (right hand)
Wands
 d - a wand of paralysis (14)
 A - a wand of lightning (5)
 D - a wand of slowing (10)
Scrolls
 f - 5 scrolls of magic mapping
 g - 3 scrolls of remove curse
 k - 2 scrolls of enchant armour {unknown}
 n - a scroll of random uselessness {unknown}
 r - a scroll of immolation {unknown}
 u - a scroll of fear {unknown}
 x - 3 scrolls of recharging {unknown}
 y - a scroll of fog {unknown}
 z - 2 scrolls of noise {unknown}
 B - a scroll of teleportation {unknown}
Potions
 h - 2 potions of magic
 i - 2 potions of flight
 l - a potion of ambrosia
 m - a potion of berserk rage
 o - 2 potions of might
 q - a potion of mutation {unknown}
 s - 2 potions of agility
 v - 2 potions of cancellation
 w - a potion of invisibility {unknown}
Books
 b - a Young Poisoner's Handbook

   Spells                             Type                      Level
   a - Sting                          Conjuration/Poison           1
   b - Cure Poison                    Poison                       2
   c - Mephitic Cloud                 Conjuration/Poison/Air       3
   d - Olgreb's Toxic Radiance        Poison                       4
   e - Venom Bolt                     Conjuration/Poison           5
Comestibles
 c - 5 bread rations


   Skills:
 + Level 1.0 Fighting
 + Level 1.0 Short Blades
 + Level 5.1 Dodging
 * Level 5.8 Stealth
 * Level 5.9 Spellcasting
 * Level 2.8 Conjurations
 + Level 1.2 Air Magic
 + Level 5.3 Poison Magic


You had one spell level left.
You knew the following spells:

 Your Spells              Type           Power        Failure   Level  Hunger
a - Sting                 Conj/Pois      ###.         1%          1    None
b - Cure Poison           Pois           ####......   1%          2    None
c - Mephitic Cloud        Conj/Pois/Air  ###.....     3%          3    ##.....
d - Shock                 Conj/Air       ##..         1%          1    None
e - Olgreb's Toxic Radia  Pois           ####....     4%          4    ####...
f - Venom Bolt            Conj/Pois      ###.......   21%         5    #####..


Dungeon Overview and Level Annotations

Branches:
Dungeon (5/15)             Temple (1/1) D:5

Altars:
Ashenzari
Cheibriados
Dithmenos
Elyvilon
Fedhas
Gozag
Kikubaaqudgha
Makhleb
Nemelex Xobeh
Okawaru
Qazlal
Ru
Sif Muna
Trog
Vehumet
Xom
Yredelemnul
The Shining One

Annotations:
D:3 Ijyb
D:5 Menkaure; juanjsm's ghost, novice SpEn


Innate Abilities, Weirdness & Mutations

You are tiny and cannot use many weapons and most armour.
You have supernaturally acute eyesight.
You are a herbivore.
You cover ground extremely quickly.
You need consume almost no food.


Message History

Menkaure, Prince of Dust opens the door.
There is a stone staircase leading down here.
An orc comes into view.
The orc shouts!
You hear a shout!
You hear a shout!
An orc priest comes into view.
The orc priest invokes the aid of Beogh against you.
You resist with significant effort.
Juanjsm's ghost turns its malevolent gaze towards you.
Juanjsm's ghost points at you and mumbles some strange words.
You easily resist.
Juanjsm's ghost gestures at you while chanting.
You easily resist.
Juanjsm's ghost points at you and mumbles some strange words.
You easily resist.
Juanjsm's ghost gestures at you while chanting.
You easily resist.
Juanjsm's ghost points at you and mumbles some strange words.
The spray of energy hits you!
Ouch! That really hurt!
You die...

#..#.#.###.#.# #.#.#####.#
#..#.#.. ..#.# #.#.# #.# #.
#.#######.####.#.. #.# #..#..
..#...W##.# #.# #..###
###....##.# #.# ## #..#
#....##.####.#####.. #..# ###.#
#....##............# #..# #.#.#
#....###....#.#....# #..# ..#.#
#..@.......#.#.#...#
#..####.#.####...####..#.#.#.#..#
#..##<#.g.#..'...'......#.>.#...#
#(....#.g##.##...####..#.#.#.#..#
##.####..##.###### ##..#.#.#...#
#..(c....##.# #....#.#....#
#..#####c##.# #####..........##
#.(....g.##.# #.........######
#.#########.# #......##>#


You could see juanjsm's ghost.

Vanquished Creatures
  A centaur (D:5)
  An ogre (D:4)
  A big kobold (D:3)
  4 killer bees (D:5)
  An orc priest (D:4)
  A gnoll shaman (D:4)
  An iguana (D:5)
  2 hounds
  2 worker ants (D:4)
  Robin (D:4)
  8 gnolls
  4 adders
  2 oozes (D:3)
  An adder skeleton (D:4)
  4 worms
  4 giant geckos
  10 orcs
  A ball python (D:2)
  23 goblins
  11 hobgoblins
  7 jackals
  4 kobolds
  A quokka (D:3)
  8 bats
  4 giant cockroaches
  A giant gecko skeleton (D:5)
  4 giant newts
  A quokka skeleton (D:4)
  24 rats
137 creatures vanquished.

Notes
Turn   | Place    | Note
--------------------------------------------------------------
     0 | D:1      | juanjsm the Spriggan Venom Mage began the quest for the Orb.
     0 | D:1      | Reached XP level 1. HP: 9/9 MP: 5/5
   230 | D:3      | Reached XP level 2. HP: 13/13 MP: 0/6
   235 | D:3      | Learned a level 2 spell: Cure Poison
   270 | D:5      | Entered Level 5 of the Dungeon
   469 | D:3      | Noticed Ijyb
   481 | D:3      | Noticed a big kobold
   748 | D:5      | Noticed a scorpion
   772 | D:5      | Noticed Menkaure
   773 | D:5      | Noticed a centaur
   801 | D:5      | Found a staircase to the Ecumenical Temple.
   806 | Temple   | Entered the Ecumenical Temple
   870 | Temple   | Became a worshipper of Vehumet
  1132 | D:1      | Reached XP level 3. HP: 16/16 MP: 1/8
  1137 | D:1      | Learned a level 3 spell: Mephitic Cloud
  1675 | D:2      | Reached * piety under Vehumet
  1675 | D:2      | Offered knowledge of Shock by Vehumet.
  1678 | D:2      | Learned a level 1 spell: Shock
  2174 | D:3      | Reached XP level 4. HP: 17/21 MP: 0/10
  2500 | D:3      | Reached ** piety under Vehumet
  2500 | D:3      | Offered knowledge of Flame Tongue by Vehumet.
  2967 | D:3      | Killed a big kobold
  2967 | D:3      | Reached skill level 1 in Conjurations
  2967 | D:3      | Reached XP level 5. HP: 22/24 MP: 3/12
  3084 | D:4      | Reached skill level 5 in Poison Magic
  3124 | D:4      | Reached XP level 6. HP: 22/28 MP: 3/13
  3276 | D:4      | Learned a level 4 spell: Olgreb's Toxic Radiance
  3404 | D:4      | Offered knowledge of Searing Ray by Vehumet.
  3777 | D:4      | Reached skill level 5 in Spellcasting
  3802 | D:4      | Reached *** piety under Vehumet
  3926 | D:4      | Noticed Robin
  3957 | D:4      | Offered knowledge of Throw Icicle by Vehumet.
  3973 | D:4      | Killed Robin
  4710 | D:5      | Reached skill level 1 in Air Magic
  4710 | D:5      | Reached XP level 7. HP: 6/32 MP: 6/15
  4717 | D:5      | Learned a level 5 spell: Venom Bolt
  4766 | D:5      | Noticed juanjsm's ghost (novice SpEn)
  4898 | D:5      | Killed a centaur
  4898 | D:5      | Reached skill level 1 in Short Blades
  4898 | D:5      | Reached skill level 5 in Stealth
  5059 | D:5      | Reached skill level 1 in Fighting
  5064 | D:5      | Reached skill level 5 in Dodging
  5374 | D:5      | Killed from afar by juanjsm's ghost

Action                   |  1- 3 |  4- 6 |  7- 9 || total
-------------------------+-------+-------+-------++-------
Melee: Dagger            |    57 |   193 |    28 ||   278
       Unarmed           |     1 |       |       ||     1
 Cast: Sting             |    64 |    88 |    16 ||   168
       Mephitic Cloud    |     5 |    23 |     1 ||    29
       Shock             |     3 |    13 |     1 ||    17
       Cure Poison       |       |       |     3 ||     3
       Venom Bolt        |       |       |     2 ||     2
 Abil: Evoke Invisibilit |       |     1 |       ||     1
  Use: Scroll            |       |     6 |     3 ||     9
 Stab: Sleeping          |     8 |     8 |       ||    16
       Distracted        |     1 |       |       ||     1
       Invisible         |       |     1 |       ||     1
       Confused          |       |     7 |       ||     7
  Eat: Bread ration      |       |     1 |       ||     1
       Pizza             |       |     1 |       ||     1
